 Dungeon Crawl Stone Soup version 0.31-a0-365-gcf821cafb2 (webtiles) character file.

Game seed: 46171666891530440

137 porpoise the Shooter (level 5, -3/32 HPs)
             Began as a Kobold Hunter on July 28, 2023.
             Was an Initiate of Okawaru.
             Slain by a scorpion (4 damage)
             ... on level 4 of the Dungeon.
             The game lasted 00:07:34 (2944 turns).

porpoise the Shooter (Kobold Hunter)                Turns: 2944, Time: 00:07:35

Health: -3/32      AC:  4    Str:  9    XL:     5   Next: 43%
Magic:  6/6        EV: 14    Int: 10    God:    Okawaru [......]
Gold:   86         SH:  0    Dex: 20    Spells: 4/4 levels left

rFire   + . .        a - +0 shortbow
rCold   . . .        (shield currently unavailable)
rNeg    . . .        c - +0 leather armour
rPois   .            (no helmet)
rElec   .            (no cloak)
rCorr   .            w - +0 pair of gloves
SInv    .            (no boots)
Will    .....        (no amulet)
Stlth   +++          k - ring of protection from fire
HPRegen 0.25/turn    (no ring)
MPRegen 0.10/turn

%: no passive effects
@: lethally poisoned (-3 -> -6)
A: small, no large weapons, nightstalker 3
a: Renounce Religion


You were on level 4 of the Dungeon.
You worshipped Okawaru.
Okawaru was noncommittal.
You visited 1 branch of the dungeon, and saw 4 of its levels.

You collected 86 gold pieces.

Inventory:

Hand Weapons
 a - a +0 shortbow (weapon)
 b - a +0 dagger of draining
Missiles
 t - 4 poisoned darts
Armour
 c - a +0 leather armour (worn)
 w - a +0 pair of gloves (worn)
Jewellery
 k - a ring of protection from fire (left hand)
 s - a ring of wizardry
Scrolls
 d - a scroll of blinking {unknown}
 h - a scroll of enchant weapon {unknown}
 i - a scroll of silence {unknown}
 j - a scroll of immolation {unknown}
 l - a scroll of vulnerability {unknown}
 n - a scroll of fog
 o - a scroll of torment
 p - a scroll of fear {unknown}
 r - a scroll of poison {unknown}
 v - a scroll of noise {unknown}
Potions
 f - 3 potions of curing
 g - a potion of attraction {unknown}
 m - a potion of mutation {unknown}
 q - a potion of might {unknown}
 u - a potion of invisibility {unknown}


   Skills:
 + Level 3.5 Fighting
 * Level 7.3 Ranged Weapons
 - Level 2.4 Dodging
 - Level 1.3 Stealth
 + Level 1.3 Invocations


You had 4 spell levels left.
You didn't know any spells.
Your spell library contained the following spells:

 Spells                   Type           Power      Damage    Failure   Level
 Apportation              Tloc           0%         N/A       47%         1
 Shock                    Conj/Air       0%         1d3       47%         1
 Dazzling Flash           Conj/Hex       0%         N/A       85%         3
 Swiftness                Air            0%         N/A       85%         3
 Volatile Blastmotes      Fire/Tloc      0%         2d10      85%         3
 Airstrike                Air            0%         2d(0-16)  99%         4
 Alistair's Intoxication  Tmut/Pois      0%         N/A       100%        5
 Lee's Rapid Deconstruct  Erth           0%         3d4*      100%        5
 Starburst                Conj/Fire      0%         6d3       100%        6
 Maxwell's Capacitive Co  Air            0%         ∞         100%        8
 Animate Armour           Summ/Erth      Unusable   N/A       N/A         4
 Summon Lightning Spire   Summ/Air       Unusable   N/A       N/A         4

Dungeon Overview and Level Annotations

Branches:
Dungeon (4/15)
 Temple: D:4-7

Altars:
Kikubaaqudgha
Okawaru

Shops:
D:1 *   D:3 :


Innate Abilities, Weirdness & Mutations

You are small and have problems with some larger weapons.
You are completely attuned to the shadows.


Message History

The endoplasm hits you but does no damage.
You shoot an arrow. The arrow hits the centaur.
The centaur is heavily wounded.
The centaur closely misses you. The centaur misses you. x2
The centaur closely misses you. The endoplasm freezes you.
You are frozen.
You shoot an arrow.
The arrow hits the centaur but does no damage.
The centaur is heavily wounded.
The centaur hits you but does no damage.
The centaur kicks you but does no damage.
The scorpion stings you but does no damage.
The endoplasm freezes you.
You are frozen.
The centaur completely misses you. The centaur kicks you.
You shoot an arrow.
The arrow hits the scorpion but does no damage.
The scorpion completely misses you. The centaur hits you.
The centaur kicks you but does no damage.
The endoplasm freezes you.
You are frozen.
The scorpion stings you.
You are poisoned.
The scorpion poisons you!
You shoot an arrow. The arrow hits the centaur.
The centaur is heavily wounded.
You feel sick. The centaur hits you.
* * * LOW HITPOINT WARNING * * *
The centaur barely misses you. The endoplasm freezes you.
You are frozen.
* * * LOW HITPOINT WARNING * * *
The scorpion stings you.
* * * LOW HITPOINT WARNING * * *
The centaur hits you but does no damage.
The centaur misses you.
You shoot an arrow. The arrow closely misses the scorpion.
* * * LOW HITPOINT WARNING * * *
You feel sick. The centaur misses you. The centaur closely misses you.
The scorpion stings you.
You die...

...........).....
.....#...#.#...#..
.......#.#...#.#...
.....#...#.....#...#
.......#..#.....#..#.
..#.#...###.....###..
.[..#).#..#...#..#.)
##J.)###...#.#...###
#..@#...#...#...#...
...c#s....#..#..#....
.... ......#####.....
.##. .....#..#..#....
.. #...#...#...#...
.###...#.#...###
#..#...#..#..
###....†###..
#...(.#..#.


You could see a centaur, a scorpion and an endoplasm.

Vanquished Creatures
  An orc wizard (D:4)
  3 gnolls (D:3)
  An adder (D:3)
  3 dart slugs
  8 orcs
  3 ball pythons
  4 endoplasms
  4 giant cockroaches
  5 goblins
  7 hobgoblins
  5 quokkas
  6 bats
  3 frilled lizards
  2 kobolds (D:4)
  2 rats
57 creatures vanquished.

Notes
Turn   | Place    | Note
-------+----------+-------------------------------------------
     0 | D:1      | porpoise the Kobold Hunter began the quest for the Orb.
     0 | D:1      | Reached XP level 1. HP: 12/12 MP: 1/1
   291 | D:1      | Reached XP level 2. HP: 18/18 MP: 2/2
   295 | D:1      | Found Ureggukk's General Store.
   710 | D:1      | Reached skill level 6 in Ranged Weapons
   816 | D:1      | Reached XP level 3. HP: 22/22 MP: 3/3
  1120 | D:2      | Found an ancient bone altar of Kikubaaqudgha.
  2056 | D:3      | Found Dopos's Book Shop.
  2076 | D:3      | Found a faded altar of an unknown god.
  2201 | D:3      | Found an iron altar of Okawaru.
  2207 | D:3      | Reached XP level 4. HP: 28/28 MP: 4/4
  2215 | D:3      | Became a worshipper of Warmaster Okawaru
  2541 | D:3      | Reached skill level 7 in Ranged Weapons
  2541 | D:3      | Reached skill level 1 in Invocations
  2541 | D:3      | Reached XP level 5. HP: 11/32 MP: 5/5
  2933 | D:4      | Noticed a centaur
  2944 | D:4      | HP: 1/32 [poisoned by a scorpion]
  2944 | D:4      | Slain by a scorpion

Illustrated notes

Levels and vault maps discovered:
D:1:      scummos_arrival_hexagon, layout_loops_corners, serial_shops, shop,
          serial_forest, infiniplex_forest_clump_curved,
          infiniplex_forest_straight_2, infiniplex_forest_end_1,
          infiniplex_forest_lined_room_, infiniplex_forest_lined_4_way,
          infiniplex_forest_end_1
D:2:      layout_loops_corners, basic_altar
D:3:      layout_rooms, okawaru_ov_weapons_minmay, serial_shops,
          nicolae_shop_waterfront, basic_ecumenical_altar
D:4:      layout_rooms, minmay_temple_entry_junction_2, minmay_splitting_lines,
          minmay_close_crescents, uniq_blork_the_orc

Skill      XL: |  1  2  3  4 |
---------------+-------------+-----
Ranged Weapons | 6 7 |  7.3
Fighting       | 3 |  3.5
Invocations    | 1 |  1.3
Dodging        | |  2.4
Stealth        | |  1.3

Action                     |  1- 3 |  4- 6 || total
---------------------------+-------+-------++-------
   Fire: Shortbow          |    89 |    64 ||   153
    Use: Scroll            |     2 |     2 ||     4
         Potion            |       |     1 ||     1
 Armour: Leather armour    |     4 |    12 ||    16
  Dodge: Dodged            |    23 |    29 ||    52

Table legend: (Time is in decaauts)
 A = Elapsed time spent in this place.
 B = Non-inter-level travel time spent in this place.
 C = Inter-level travel time spent in this place.
 D = Time resting spent in this place.
 E = Time spent auto-exploring this place.
 F = Levels seen in this place.
 G = Mean time per level.
                   A        B        C        D        E       F      G
               +--------+--------+--------+--------+--------+-----+--------+
         Total |   2962 |   2859 |    103 |    208 |   2319 |   4 |  740.5 |
       Dungeon |   2962 |   2859 |    103 |    208 |   2319 |   4 |  740.5 |
               +--------+--------+--------+--------+--------+-----+--------+

Top non-repeatable levels by time:
     D:1: 1054 daAuts
     D:2: 978 daAuts
     D:3: 684 daAuts
     D:4: 244 daAuts
